NYP
CHICAGO (NYP) WHITE SOX @ LOWELL SPINNERS
04/03/2044
 
TOP OF THE 1ST
Chicago (NYP) White Sox batting - Pitching for Lowell Spinners : LHP Eric Del Sordo
Pitching: LHP Eric Del Sordo
Batting: RHB Dusty Ballard 0-0: Bunt missed!
0-1: Ball
1-1: Foul Ball, location: 2F
1-2: Foul Ball, location: 2F
1-2: Strikes out looking
Batting: LHB Ray Walden 0-0: Ball
1-0: Called Strike
1-1: Foul Ball, location: 2F
1-2: Ball
2-2: Fly out, F8 (Flyball, 89XD, EV 92.5 MPH)
Batting: RHB Brad Boals 0-0: Ground out 5-3 (Groundball, 56, EV 106.3 MPH)
Top of the 1st over - 0 runs, 0 hits, 0 errors, 0 left on base; Chicago (NYP) 0 - Lowell 0
BOTTOM OF THE 1ST
Lowell Spinners batting - Pitching for Chicago (NYP) White Sox : RHP Adam Smith
Pitching: RHP Adam Smith
Batting: RHB John Chiesa 0-0: Ball
1-0: Swinging Strike
1-1: Ball
2-1: Ground out 6-3 (Groundball, 6, EV 100.6 MPH)
Batting: RHB Nick Cottrell 0-0: Ball
1-0: Ground out 4-3 (Groundball, 4, EV 101.9 MPH)
Batting: RHB Guillermo Quintero 0-0: Called Strike
0-1: Ball
1-1: Ball
2-1: Ground out 1-3 (Groundball, 13S, EV 76.9 MPH)
Bottom of the 1st over - 0 runs, 0 hits, 0 errors, 0 left on base; Chicago (NYP) 0 - Lowell 0
TOP OF THE 2ND
Chicago (NYP) White Sox batting - Pitching for Lowell Spinners : LHP Eric Del Sordo
Batting: LHB Angel Tellez 0-0: Ball
1-0: Fly out, F6 (Line Drive, 6, EV 71.3 MPH)
Batting: RHB Pat Pemberton 0-0: Hit by Pitch
Batting: RHB Jeremy Hoffert 0-0: Fly out, F8 (Line Drive, 8LD, EV 103.8 MPH)
Batting: LHB Jason Bell 0-0: Foul Ball, location: 2F
0-1: Ball
1-1: SINGLE (Line Drive, 4MD, EV 101.9 MPH)
Pat Pemberton to second
Batting: RHB Zachary Anderson 0-0: Fielders Choice at 2nd, 4-6 (Groundball, 4MD, EV 100.6 MPH)
Top of the 2nd over - 0 runs, 1 hit, 0 errors, 2 left on base; Chicago (NYP) 0 - Lowell 0
BOTTOM OF THE 2ND
Lowell Spinners batting - Pitching for Chicago (NYP) White Sox : RHP Adam Smith
Batting: RHB Tommy Boudreaux 0-0: Ball
1-0: Fly out, F8 (Flyball, 8LXD, EV 110.6 MPH)
Batting: LHB Nelis Geurts 0-0: Swinging Strike
0-1: Swinging Strike
0-2: Strikes out swinging
Batting: RHB Joel Vazquez 0-0: Ball
1-0: DOUBLE (Flyball, 78XD, EV 100.0 MPH)
Batting: LHB Danny Montoya 0-0: Ball
1-0: Ball
2-0: Foul Ball, location: 2F
2-1: Ball
3-1: Fly out, F7 (Flyball, 78M, EV 96.9 MPH)
Bottom of the 2nd over - 0 runs, 1 hit, 0 errors, 1 left on base; Chicago (NYP) 0 - Lowell 0
TOP OF THE 3RD
Chicago (NYP) White Sox batting - Pitching for Lowell Spinners : LHP Eric Del Sordo
Batting: RHB Ricardo Ortiz 0-0: Foul Ball, location: 2F
0-1: SINGLE (Line Drive, 8LS, EV 89.4 MPH)
Batting: RHB Dusty Ballard 0-0: Ball
Ricardo Ortiz steals 2nd base
1-0: Called Strike
1-1: Foul Ball, location: 2F
1-2: Strikes out looking
Batting: LHB Ray Walden 0-0: Ball
1-0: Called Strike
1-1: Called Strike
1-2: Foul Ball, location: 2F
1-2: Ball
2-2: Ball
3-2: Fly out, F3 (Popup, 23F, EV 86.3 MPH)
Batting: RHB Brad Boals 0-0: Fly out, F8 (Flyball, 8LD, EV 102.5 MPH)
Top of the 3rd over - 0 runs, 1 hit, 0 errors, 1 left on base; Chicago (NYP) 0 - Lowell 0
BOTTOM OF THE 3RD
Lowell Spinners batting - Pitching for Chicago (NYP) White Sox : RHP Adam Smith
Batting: LHB Miguel Maymi 0-0: Ball
1-0: Foul Ball, location: 2F
1-1: Foul Ball, location: 2F
1-2: Strikes out swinging
Batting: RHB Mike Strey 0-0: Ball
1-0: SINGLE (Line Drive, 34, EV 98.1 MPH)
Batting: RHB John Chiesa 0-0: Ball
1-0: Foul Ball, location: 2F
1-1: Foul Ball, location: 2F
1-2: Strikes out swinging
Batting: RHB Nick Cottrell 0-0: Ball
1-0: Called Strike
1-1: Ball
2-1: Foul Ball, location: 2F
2-2: Strikes out swinging
Bottom of the 3rd over - 0 runs, 1 hit, 0 errors, 1 left on base; Chicago (NYP) 0 - Lowell 0
TOP OF THE 4TH
Chicago (NYP) White Sox batting - Pitching for Lowell Spinners : LHP Eric Del Sordo
Batting: LHB Angel Tellez 0-0: Called Strike
0-1: Ball
1-1: Foul Ball, location: 2F
1-2: Ball
2-2: Strikes out swinging
Batting: RHB Pat Pemberton 0-0: Ball
1-0: Hit by Pitch
Batting: RHB Jeremy Hoffert 0-0: Fly out, F7 (Flyball, 7D, EV 75.0 MPH)
Batting: LHB Jason Bell 0-0: Ball
1-0: DOUBLE (Line Drive, 9LS, EV 97.5 MPH)
Pat Pemberton to third
Runner from 3rd tries for Home, SAFE, throw by RF to trailing runner, SAFE at third!
Batting: RHB Zachary Anderson 0-0: Ball
1-0: Ball
2-0: Ball
3-0: Called Strike
3-1: TRIPLE (Line Drive, 89XD, EV 108.1 MPH)
Jason Bell scores
Batting: RHB Ricardo Ortiz 0-0: Ball
1-0: Ball
2-0: Ground out 5-3 (Groundball, 5, EV 89.4 MPH)
Top of the 4th over - 2 runs, 2 hits, 0 errors, 1 left on base; Chicago (NYP) 2 - Lowell 0
BOTTOM OF THE 4TH
Lowell Spinners batting - Pitching for Chicago (NYP) White Sox : RHP Adam Smith
Batting: RHB Guillermo Quintero 0-0: Called Strike
0-1: Ground out 6-3 (Groundball, 6, EV 86.3 MPH)
Batting: RHB Tommy Boudreaux 0-0: Ball
1-0: Swinging Strike
1-1: Ball
2-1: Swinging Strike
2-2: Strikes out looking
Batting: LHB Nelis Geurts 0-0: Ball
1-0: Fly out, F4 (Line Drive, 4, EV 70.0 MPH)
Bottom of the 4th over - 0 runs, 0 hits, 0 errors, 0 left on base; Chicago (NYP) 2 - Lowell 0
TOP OF THE 5TH
Chicago (NYP) White Sox batting - Pitching for Lowell Spinners : LHP Eric Del Sordo
Batting: RHB Dusty Ballard 0-0: Ball
1-0: Ball
2-0: Ball
3-0: Called Strike
3-1: Base on Balls
Batting: LHB Ray Walden 0-0: Ball
1-0: Fly out, F9 (Flyball, 9, EV 83.1 MPH)
Batting: RHB Brad Boals 0-0: Ball
Dusty Ballard steals 2nd, throwing error, E2
Dusty Ballard to third
1-0: Called Strike
1-1: Ball
2-1: Swinging Strike
2-2: SINGLE (Flyball, 7LS, EV 89.4 MPH)
Dusty Ballard scores
Batting: LHB Angel Tellez 0-0: Ball
1-0: Fielders Choice at 2nd, 3-6 (Groundball, 34, EV 109.4 MPH)
Batting: RHB Pat Pemberton 0-0: Swinging Strike
0-1: Ball
1-1: Ball
2-1: Swinging Strike
2-2: Strikes out swinging
Top of the 5th over - 1 run, 1 hit, 1 error, 1 left on base; Chicago (NYP) 3 - Lowell 0
BOTTOM OF THE 5TH
Lowell Spinners batting - Pitching for Chicago (NYP) White Sox : RHP Adam Smith
Batting: RHB Joel Vazquez 0-0: Ball
1-0: Called Strike
1-1: Ground out 5-3 (Groundball, 56, EV 99.4 MPH)
Batting: LHB Danny Montoya 0-0: SINGLE (Groundball, 6MS, EV 70.0 MPH) (infield hit)
Batting: LHB Miguel Maymi 0-0: Foul Ball, location: 2F
0-1: Ball
1-1: Foul Ball, location: 2F
1-2: Fly out, F8 (Flyball, 8LD, EV 108.8 MPH)
Batting: RHB Mike Strey 0-0: Foul Ball, location: 2F
0-1: Ball
1-1: Ball
2-1: Ball
Wild Pitch!
Danny Montoya to second
3-1: Base on Balls
Batting: RHB John Chiesa 0-0: Called Strike
0-1: Called Strike
0-2: DOUBLE (Flyball, 8LD, EV 90.6 MPH)
Danny Montoya scores
Mike Strey to third
Batting: RHB Nick Cottrell 0-0: Called Strike
0-1: Ball
Wild Pitch!
Mike Strey scores
John Chiesa to third
1-1: Ball
2-1: Swinging Strike
2-2: Strikes out looking
Bottom of the 5th over - 2 runs, 2 hits, 0 errors, 1 left on base; Chicago (NYP) 3 - Lowell 2
TOP OF THE 6TH
Chicago (NYP) White Sox batting - Pitching for Lowell Spinners : LHP Eric Del Sordo
Batting: RHB Jeremy Hoffert 0-0: Foul Ball, location: 2F
0-1: Ball
1-1: Swinging Strike
1-2: Ball
2-2: Foul Ball, location: 2F
2-2: Foul Ball, location: 2F
2-2: Strikes out looking
Batting: LHB Jason Bell 0-0: Foul Ball, location: 2F
0-1: Ball
1-1: Ball
2-1: Fly out, F9 (Line Drive, 9, EV 98.8 MPH)
Batting: RHB Zachary Anderson 0-0: Swinging Strike
0-1: Fly out, F9 (Flyball, 9LM, EV 87.5 MPH)
Top of the 6th over - 0 runs, 0 hits, 0 errors, 0 left on base; Chicago (NYP) 3 - Lowell 2
BOTTOM OF THE 6TH
Lowell Spinners batting - Pitching for Chicago (NYP) White Sox : RHP Adam Smith
Batting: RHB Guillermo Quintero 0-0: Foul Ball, location: 2F
0-1: Swinging Strike
0-2: Foul Ball, location: 2F
0-2: TRIPLE (Flyball, 9D, EV 95.6 MPH)
Batting: RHB Tommy Boudreaux 0-0: Called Strike
0-1: Foul Ball, location: 2F
0-2: Ball
1-2: Ball
2-2: Strikes out looking
Batting: LHB Nelis Geurts 0-0: Ground out 5-3 (Groundball, 25, EV 70.6 MPH)
Batting: RHB Joel Vazquez 0-0: Ball
1-0: 2-RUN HOME RUN (Flyball, 7D, EV 97.5 MPH), Distance : 375 ft
Batting: LHB Danny Montoya 0-0: Ball
1-0: Ball
2-0: Ground out 4-3 (Groundball, 4S, EV 89.4 MPH)
Bottom of the 6th over - 2 runs, 2 hits, 0 errors, 0 left on base; Chicago (NYP) 3 - Lowell 4
TOP OF THE 7TH
Chicago (NYP) White Sox batting - Pitching for Lowell Spinners : LHP Eric Del Sordo
Batting: RHB Ricardo Ortiz 0-0: Ball
1-0: Called Strike
1-1: Hit by Pitch
Pitching: RHP Kasper Larkin
Pinch Hitting: LHB Brandon Hopper 0-0: Called Strike
Ricardo Ortiz steals 2nd base
0-1: Ball
1-1: Ball
2-1: SINGLE (Groundball, 34D, EV 102.5 MPH)
Ricardo Ortiz to third
Batting: LHB Ray Walden 0-0: Called Strike
0-1: Foul Ball, location: 2F
0-2: Ball
1-2: Strikes out swinging
Batting: RHB Brad Boals 0-0: Ball
1-0: Foul Ball, location: 2F
1-1: Ball
2-1: Foul Ball, location: 2F
2-2: Ball
3-2: Foul Ball, location: 2F
3-2: Base on Balls
Brandon Hopper to second
Batting: LHB Angel Tellez 0-0: Ball
1-0: Ball
2-0: Ball
3-0: Base on Balls
Ricardo Ortiz scores
Brandon Hopper to third
Brad Boals to second
Batting: RHB Pat Pemberton 0-0: Called Strike
0-1: Ball
1-1: Ball
2-1: Ball
3-1: Hit by Pitch
Brandon Hopper scores
Brad Boals to third
Angel Tellez to second
Batting: RHB Jeremy Hoffert 0-0: Ball
1-0: Foul Ball, location: 2F
1-1: Ball
2-1: SINGLE (Groundball, 13S, EV 71.9 MPH) (infield hit)
Brad Boals scores
Angel Tellez to third
Pat Pemberton to second
Batting: LHB Jason Bell 0-0: Ball
1-0: Ball
2-0: Ball
3-0: Called Strike
3-1: Foul Ball, location: 2F
3-2: Fly out, F5 (Popup, 5F, EV 66.9 MPH)
Batting: RHB Zachary Anderson 0-0: Called Strike
0-1: Ball
1-1: Ground out 4-3 (Groundball, 4, EV 87.5 MPH)
Top of the 7th over - 3 runs, 2 hits, 0 errors, 3 left on base; Chicago (NYP) 6 - Lowell 4
BOTTOM OF THE 7TH
Lowell Spinners batting - Pitching for Chicago (NYP) White Sox : RHP Adam Smith
Now at SS: Sal Chavira
Batting: LHB Miguel Maymi 0-0: Called Strike
0-1: Ball
1-1: Swinging Strike
1-2: Strikes out swinging
Batting: RHB Mike Strey 0-0: Called Strike
0-1: Called Strike
0-2: Fly out, F9 (Flyball, 9LM, EV 88.1 MPH)
Batting: RHB John Chiesa 0-0: Ball
1-0: Ball
2-0: Ball
3-0: Called Strike
3-1: DOUBLE (Flyball, 78D, EV 98.1 MPH)
Pitching: RHP Jose Leal
Batting: RHB Nick Cottrell 0-0: Swinging Strike
0-1: Ground out 5-3 (Groundball, 5S, EV 90.6 MPH)
Bottom of the 7th over - 0 runs, 1 hit, 0 errors, 1 left on base; Chicago (NYP) 6 - Lowell 4
TOP OF THE 8TH
Chicago (NYP) White Sox batting - Pitching for Lowell Spinners : RHP Kasper Larkin
Pitching: LHP Juan Barrientos
Batting: RHB Ricardo Ortiz 0-0: Foul Ball, location: 2F
0-1: Ball
1-1: Ball
2-1: Foul Ball, location: 2F
2-2: SINGLE (Line Drive, 56, EV 96.9 MPH)
Batting: RHB Sal Chavira 0-0: Ball
Ricardo Ortiz is caught stealing 2nd base 2-4
1-0: Fly out, F4 (Line Drive, 4, EV 71.3 MPH)
Batting: LHB Ray Walden 0-0: Ball
1-0: Ball
2-0: Ball
3-0: Called Strike
3-1: Base on Balls
Batting: RHB Brad Boals 0-0: Foul Ball, location: 2F
0-1: Ball
1-1: Ball
2-1: Foul Ball, location: 2F
2-2: Strikes out swinging
Top of the 8th over - 0 runs, 1 hit, 0 errors, 1 left on base; Chicago (NYP) 6 - Lowell 4
BOTTOM OF THE 8TH
Lowell Spinners batting - Pitching for Chicago (NYP) White Sox : RHP Jose Leal
Batting: RHB Guillermo Quintero 0-0: Ball
1-0: Swinging Strike
1-1: Ball
2-1: Ball
3-1: Base on Balls
Batting: RHB Tommy Boudreaux 0-0: Ball
1-0: Ball
2-0: Ball
3-0: Called Strike
3-1: Base on Balls
Guillermo Quintero to second
Batting: LHB Nelis Geurts 0-0: Foul Ball, location: 2F
0-1: Called Strike
Balk!
Guillermo Quintero to third
Tommy Boudreaux to second
Balk!
Guillermo Quintero scores
Tommy Boudreaux to third
0-2: Ball
1-2: Strikes out swinging
Batting: RHB Joel Vazquez 0-0: Ball
Passed Ball!
Tommy Boudreaux scores
1-0: Fly out, F7 (Flyball, 7, EV 93.1 MPH)
Batting: LHB Danny Montoya 0-0: Ball
1-0: Foul Ball, location: 2F
1-1: Ball
2-1: SINGLE (Line Drive, 6MD, EV 96.3 MPH)
Batting: LHB Miguel Maymi 0-0: Ball
1-0: Called Strike
1-1: SINGLE (Flyball, 8RS, EV 98.8 MPH)
Danny Montoya to second
Runner from 2nd tries for 3rd, SAFE after rundown.
Pinch Hitting: LHB Masumi Abe 0-0: Called Strike
0-1: Hit by Pitch
Miguel Maymi to second
Batting: RHB John Chiesa 0-0: Ground out 5-3 (Groundball, 56S, EV 81.9 MPH)
Bottom of the 8th over - 2 runs, 2 hits, 0 errors, 3 left on base; Chicago (NYP) 6 - Lowell 6
TOP OF THE 9TH
Chicago (NYP) White Sox batting - Pitching for Lowell Spinners : LHP Juan Barrientos
Now at C: Greg Shkolnik
Batting: LHB Angel Tellez 0-0: Ball
1-0: Called Strike
1-1: Fly out, F8 (Line Drive, 8LD, EV 91.9 MPH)
Batting: RHB Pat Pemberton 0-0: Called Strike
0-1: Ball
1-1: Foul Ball, location: 2F
1-2: Strikes out looking
Batting: RHB Jeremy Hoffert 0-0: Called Strike
0-1: Ball
1-1: Bunt missed!
1-2: Fly out, F7 (Flyball, 7LM, EV 92.5 MPH)
Top of the 9th over - 0 runs, 0 hits, 0 errors, 0 left on base; Chicago (NYP) 6 - Lowell 6
BOTTOM OF THE 9TH
Lowell Spinners batting - Pitching for Chicago (NYP) White Sox : RHP Jose Leal
Pinch Hitting: LHB Tony Rivera 0-0: Ball
1-0: Ball
2-0: Called Strike
2-1: Ball
3-1: Base on Balls
Batting: RHB Guillermo Quintero 0-0: Called Strike
0-1: Ball
1-1: SINGLE (Line Drive, 78M, EV 91.3 MPH)
Tony Rivera to second
Batting: RHB Tommy Boudreaux 0-0: Called Strike
0-1: Ball
1-1: Foul Ball, location: 2F
Balk!
Tony Rivera to third
Guillermo Quintero to second
1-2: Foul Ball, location: 2F
1-2: Foul Ball, location: 2F
1-2: Ball
2-2: Strikes out swinging
Batting: LHB Nelis Geurts 0-0: Ball
1-0: Called Strike
1-1: Called Strike
1-2: Ball
2-2: Ball
3-2: Foul Ball, location: 2F
3-2: Foul Ball, location: 2F
3-2: Strikes out swinging
Pitching: RHP Cole Wanat
Batting: RHB Joel Vazquez 0-0: Ball
1-0: Ball
2-0: Ball
3-0: Base on Balls
Batting: LHB Danny Montoya 0-0: Ball
1-0: Ground out U3 (Groundball, 34S, EV 81.3 MPH)
Bottom of the 9th over - 0 runs, 1 hit, 0 errors, 3 left on base; Chicago (NYP) 6 - Lowell 6
TOP OF THE 10TH
Chicago (NYP) White Sox batting - Pitching for Lowell Spinners : LHP Juan Barrientos
Now at SS: Jose Conde
Pinch Hitting: RHB Justin Usner 0-0: Called Strike
0-1: Foul Ball, location: 2F
0-2: Ball
1-2: DOUBLE (Line Drive, 78D, EV 104.4 MPH)
Pitching: LHP Bryan Schaffer
Batting: RHB Zachary Anderson 0-0: Called Strike
0-1: Called Strike
0-2: Ground out 5-3 (Groundball, 5, EV 90.6 MPH)
Batting: RHB Ricardo Ortiz 0-0: Ball
1-0: Ground out 5-3 (Groundball, 56, EV 86.3 MPH)
Pinch Hitting: SHB Tadaaki Kondo 0-0: Intentional Walk
Pinch Hitting: RHB Bill Mannino 0-0: DOUBLE (Line Drive, 78D, EV 108.1 MPH)
Justin Usner scores
Tadaaki Kondo to third
Runner from 3rd tries for Home, SAFE, no throw by CF
Batting: RHB Brad Boals 0-0: Called Strike
0-1: Ball
1-1: Foul Ball, location: 2F
1-2: Foul Ball, location: 2F
1-2: Ball
2-2: Strikes out swinging
Top of the 10th over - 2 runs, 2 hits, 0 errors, 1 left on base; Chicago (NYP) 8 - Lowell 6
BOTTOM OF THE 10TH
Lowell Spinners batting - Pitching for Chicago (NYP) White Sox : RHP Cole Wanat
Pitching: RHP John Childress
Now at C: Emilio Macareno
Now at 1B: Osvaldo Corunha
Now at 2B: Jason Bresnahan
Now at SS: Ricardo Ortiz
Now in LF: Emil Wilbrink
Now in CF: Brad Boals
Now in RF: Angel Tellez
Batting: LHB Miguel Maymi 0-0: Ball
1-0: SINGLE (Groundball, 25, EV 72.5 MPH) (infield hit)
Batting: RHB Greg Shkolnik 0-0: Ball
1-0: Ball
2-0: Ball
3-0: Base on Balls
Miguel Maymi to second
Batting: RHB John Chiesa 0-0: Sac Bunt to 5S - play at first, batter OUT! 5-3
Miguel Maymi to third
Greg Shkolnik to second
Pinch Hitting: SHB Jared Snyder 0-0: Called Strike
0-1: Ball
1-1: Called Strike
1-2: Strikes out swinging
Batting: RHB Guillermo Quintero 0-0: Ball
1-0: Ball
2-0: Ball
3-0: Base on Balls
Batting: RHB Tommy Boudreaux 0-0: Ball
1-0: Called Strike
1-1: Ball
2-1: Called Strike
2-2: Foul Ball, location: 2F
2-2: DOUBLE (Line Drive, 3D, EV 103.1 MPH)
Miguel Maymi scores
Greg Shkolnik scores
Guillermo Quintero to third
Batting: LHB Nelis Geurts 0-0: Ball
1-0: Called Strike
1-1: Called Strike
1-2: SINGLE (Groundball, 56D, EV 94.4 MPH)
Guillermo Quintero scores
Bottom of the 10th over - 3 runs, 3 hits, 0 errors, 0 left on base; Chicago (NYP) 8 - Lowell 9
Game Over ... Lowell defeats Chicago (NYP), 9 to 8
Thursday, March 31st , 2022 - OOTP Baseball 22.12 Build 89